 Dungeon Crawl Stone Soup version 0.28.0-53-g5a82cb258f (webtiles) character file.

Game seed: 18361111288113251109

769 H0rd4k the Cutter (level 8, -1/58 HPs)
             Began as a Human Artificer on June 3, 2022.
             Was an Initiate of Gozag.
             Succumbed to a water moccasin's poison
             ... on level 5 of the Dungeon on June 20, 2022.
             The game lasted 00:08:18 (6035 turns).

H0rd4k the Cutter (Human Artificer)                 Turns: 6035, Time: 00:08:19

Health: -1/58      AC:  6    Str: 17    XL:     8   Next: 9%
Magic:  8/8        EV: 16    Int: 14    God:    Gozag
Gold:   181        SH:  0    Dex: 13    Spells: 7/7 levels left

rFire   . . .      SeeInvis .   g - +1 short sword (drain)
rCold   . . .      Faith    .   (no shield)
rNeg    . . .      Spirit   .   l - +1 ring mail "Jodu" {Str+4 Stlth+}
rPois   .          Reflect  .   (no helmet)
rElec   .          Harm     .   (no cloak)
rCorr   .          Rampage  .   (no gloves)
Will    .....                   (no boots)
Stlth   ++........              (no amulet)
HPRegen 0.19/turn               r - +4 ring of evasion
MPRegen 0.11/turn               (no ring)

@: lethally poisoned (-1 -> -21), invisible
A: no striking features
a: Renounce Religion, Potion Petition, Call Merchant, Bribe Branch


You were on level 5 of the Dungeon.
You worshipped Gozag.
Gozag was aware of your devotion.
You visited 2 branches of the dungeon, and saw 7 of its levels.

You collected 266 gold pieces.
You paid 85 gold pieces to Gozag.

Inventory:

Hand Weapons
 g - a +1 short sword of draining (weapon)
 h - a +0 short sword of venom
Armour
 l - the +1 ring mail "Jodu" (worn) {Str+4 Stlth+}
   (You found it on level 2 of the Dungeon)

   Str:       It affects your strength (+4).
   Stlth:     It makes you more stealthy.
Jewellery
 r - a +4 ring of evasion (left hand)
Wands
 c - a wand of flame (14) (quivered)
 d - a wand of charming (10)
 q - a wand of polymorph (20)
Scrolls
 b - a scroll of holy word {unknown}
 f - 8 scrolls of identify {unknown}
 j - 3 scrolls of teleportation {unknown}
 k - a scroll of amnesia {unknown}
 m - 5 scrolls of enchant weapon {unknown}
 p - a scroll of blinking {unknown}
 s - a scroll of vulnerability {unknown}
Potions
 i - a potion of cancellation {unknown}
 n - a potion of heal wounds {unknown}
 o - a potion of degeneration {unknown}
Miscellaneous
 e - a piece from Xom's chessboard (15/15)


   Skills:
 + Level 3.2 Fighting
 + Level 5.3 Short Blades
 + Level 1.4 Maces & Flails
 - Level 2.0 Armour
 + Level 3.9 Dodging
 - Level 1.0 Stealth
 + Level 4.3 Evocations


You had 7 spell levels left.
You didn't know any spells.
Your spell library contained the following spells:

 Spells                   Type           Power      Damage    Failure   Level
 Beastly Appendage        Tmut           0%         N/A       45%         1
 Scorch                   Fire           0%         2d5       61%         2
 Wereblood                Tmut           0%         N/A       61%         2
 Spider Form              Tmut/Pois      0%         N/A       83%         3
 Summon Guardian Golem    Hex/Summ       0%         N/A       83%         3
 Flame Wave               Conj/Fire      0%         2d4       99%         4
 Summon Cactus Giant      Summ           0%         N/A       100%        6
 Orb of Destruction       Conj           0%         9d5       100%        7
 Spellforged Servitor     Conj/Summ      0%         N/A       100%        7


Dungeon Overview and Level Annotations

Branches:
Dungeon (6/15)             Temple (1/1) D:5

Altars:
Cheibriados
Dithmenos
Elyvilon
Fedhas
Gozag
Hepliaklqana
Kikubaaqudgha
Nemelex Xobeh
Okawaru
Qazlal
Ru
Sif Muna
Trog
Uskayaw
Vehumet
Wu Jian
Xom
Yredelemnul
Zin
The Shining One

Annotations:
D:5 1 runed translucent door, exclusion: door, Crazy Yiuf


Message History

You barely miss the water moccasin. Your punch misses the water moccasin.
The water moccasin is almost dead.
You feel very sick. The water moccasin bites you.
You are more poisoned.
The water moccasin poisons you!
You miss the water moccasin.
The water moccasin is almost dead.
You feel very sick. The water moccasin closely misses you.
You closely miss the water moccasin.
The water moccasin is severely wounded.
* * * LOW HITPOINT WARNING * * *
You feel very sick. The water moccasin barely misses you.
The water moccasin closely misses you.
You hit the water moccasin.
The water moccasin is severely wounded.
* * * LOW HITPOINT WARNING * * *
You feel very sick. The water moccasin closely misses you.
You closely miss the water moccasin.
The water moccasin is severely wounded.
* * * LOW HITPOINT WARNING * * *
You feel very sick. The water moccasin barely misses you.
You hit the water moccasin.
The water moccasin is almost dead.
* * * LOW HITPOINT WARNING * * *
You feel sick. The water moccasin misses you.
You barely miss the water moccasin.
The water moccasin is almost dead.
* * * LOW HITPOINT WARNING * * *
You feel sick. The water moccasin bites you.
* * * LOW HITPOINT WARNING * * *
You are more poisoned.
The water moccasin poisons you!
It was a potion of invisibility.
You fade into invisibility!
You die...
Your body crumbles into a pile of gold.

########### #### #############
#.........# ..>#
#...........####.........#
################.##...........#
....##...### ##.##.#.........#
.#......#..# #.@S............#
..#....#...# #.#####.........#
...#..#....# #.# #.........#
.....#.....# #.# #.........#
....##.....# #.# #........)#
...#.###...# #.# ###.#####.#
..#..# ##..# ##.## #.# #.#
.#...####..#
#...######.#####.###
#...###....#
#...................


You could see a water moccasin (drained).

Vanquished Creatures
  Grinder (D:4)
  4 hounds
  An orc priest (D:4)
  A centaur skeleton (D:5)
  A bullfrog skeleton (D:5)
  Jessica (D:2)
  2 iguanas (D:5)
  An orc wizard (D:5)
  A hound skeleton (D:4)
  A howler monkey skeleton (D:5)
  4 adders
  A worm (D:2)
  4 dart slugs
  10 orcs
  5 endoplasms
  4 giant cockroaches
  10 goblins
  4 hobgoblins
  10 jackals
  A quokka (D:3)
  7 ball pythons
  5 bats
  4 frilled lizards
  3 kobolds
  2 rats (D:2)
88 creatures vanquished.

Vanquished Creatures (collateral kills)
  An ogre (D:5)
  A water moccasin skeleton (D:5)
2 creatures vanquished.

Vanquished Creatures (others)
  A jackal (D:1)
  7 fungi (D:2)
  15 plants
23 creatures vanquished.

Grand Total: 113 creatures vanquished

Notes
Turn   | Place    | Note
-------+----------+-------------------------------------------
     0 | D:1      | H0rd4k the Human Artificer began the quest for the Orb.
     0 | D:1      | Reached XP level 1. HP: 15/15 MP: 1/1
    66 | D:1      | Reached XP level 2. HP: 5/21 MP: 2/2
   993 | D:1      | Reached XP level 3. HP: 26/26 MP: 3/3
  1632 | D:2      | Noticed Jessica
  1860 | D:2      | Identified the +1 ring mail "Jodu" {Str+4 Stlth+}
  1872 | D:2      | Reached XP level 4. HP: 24/32 MP: 4/4
  2171 | D:2      | Found a basalt altar of Yredelemnul.
  2529 | D:2      | Found a faded altar of an unknown god.
  2686 | D:2      | Killed Jessica
  2687 | D:2      | Reached skill level 1 in Short Blades
  2687 | D:2      | Reached XP level 5. HP: 27/37 MP: 5/5
  2832 | D:3      | Reached skill level 1 in Maces & Flails
  2918 | D:3      | You fall into a shaft and drop 2 floors!
  2918 | D:5      | Entered Level 5 of the Dungeon
  2930 | D:4      | Noticed Grinder
  2969 | D:4      | Paralysed by Grinder for 4 turns
  2980 | D:4      | Killed Grinder
  2981 | D:4      | Reached skill level 3 in Short Blades
  2981 | D:4      | Reached XP level 6. HP: 19/46 MP: 6/6
  3234 | D:4      | Reached XP level 7. HP: 33/51 MP: 7/7
  4398 | D:5      | Reached skill level 4 in Short Blades
  4959 | D:5      | Reached skill level 5 in Short Blades
  4959 | D:5      | Reached XP level 8. HP: 55/58 MP: 8/8
  5232 | D:5      | Found a staircase to the Ecumenical Temple.
  5445 | Temple   | Entered the Ecumenical Temple
  5747 | Temple   | Became a worshipper of Gozag Ym Sagoz the Greedy
  5960 | D:5      | Found a runed translucent door.
  5961 | D:5      | Noticed Crazy Yiuf
  6035 | D:5      | Succumbed to a water moccasin's poison

Illustrated notes

Levels and vault maps discovered:
D:1:      minmay_arrival_plants_in_alcoves, layout_basic,
          chequers_serial_rivers_large_a, dk_noncrumbling_2
D:2:      layout_loops_ring, basic_altar,
          shapermc_ecumenical_altar_mp_ritualfount, minmay_3d_cube, uniq_jessica
D:3:      layout_loops_ring, mainiacjoe_overflow_cross_hatched,
          small_statue_intersection, kennysheep_generic_room_11
D:4:      layout_cave_pods, serial_glass, glass_columns_b, glass_columns_b,
          uniq_grinder
D:5:      layout_loops_ring, minmay_temple_entry_antechambers,
          hangedman_decor_slide_cut, uniq_crazy_yiuf_cottage
D:6:      layout_layer_cave, makhleb_grotto_becter
Temple:   mainiacjoe_temple_cubbyholes

Skill      XL: |  1  2  3  4  5  6  7 |
---------------+----------------------+-----
Evocations     | 4 |  4.3
Dodging        | 2 3 |  3.9
Short Blades   | 1 3 5 |  5.3
Maces & Flails | 1 |  1.4
Fighting       | 2 3 |  3.2
Armour         | |  2.0
Stealth        | |  1.0

Action                   |  1- 3 |  4- 6 |  7- 9 || total
-------------------------+-------+-------+-------++-------
Melee: Club              |    56 |       |       ||    56
       Punch             |     2 |     3 |       ||     5
       Short sword       |    28 |   115 |   163 ||   306
Evoke: Wand              |     3 |     1 |     2 ||     6
  Use: Potion            |       |     2 |     1 ||     3
 Stab: Sleeping          |     3 |     3 |     2 ||     8
Armor: Leather armour    |    27 |       |       ||    27
       Ring mail         |       |    42 |    51 ||    93
Dodge: Dodged            |    65 |    70 |    96 ||   231
